 Dungeon Crawl Stone Soup version 0.31.0-9-g3a7656b989 (webtiles) character file.

Game seed: 4146152152843483783

25 qw the Shooter (level 2, 0/16 HPs)
             Began as a Deep Elf Hunter on Feb 2, 2024.
             Succumbed to their own poison gas
             ... on level 1 of the Dungeon.
             The game lasted 00:00:01 (820 turns).

qw the Shooter (Deep Elf Hunter)                     Turns: 820, Time: 00:00:02

Health: 0/16       AC:  3    Str:  8    XL:     2   Next: 82%
Magic:  4/4        EV: 12    Int: 13    God:
Gold:   30         SH:  0    Dex: 18    Spells: 1/1 levels left

rFire   . . .        a - +0 shortbow
rCold   . . .        (shield currently unavailable)
rNeg    . . .        c - +0 leather armour
rPois   .            (no helmet)
rElec   .            (no cloak)
rCorr   .            (no gloves)
SInv    .            (no boots)
Will    .....        (no amulet)
Stlth   ++           (no ring)
HPRegen 0.22/turn    (no ring)
MPRegen 0.09/turn

%: no passive effects
@: lethally poisoned (0 -> -5)
A: no striking features
a: no special abilities


You were on level 1 of the Dungeon.
You visited 1 branch of the dungeon, and saw 1 of its levels.

You collected 30 gold pieces.


   Skills:
 - Level 1.5 Fighting
 + Level 6.5 Ranged Weapons
 - Level 2.4 Dodging
 - Level 1.2 Stealth


You had one spell level left.
You didn't know any spells.
Your spell library was empty.

Inventory:

Hand Weapons
 a - a +0 shortbow (weapon)
Armour
 c - a +0 leather armour (worn)
Scrolls
 f - a scroll of teleportation

Dungeon Overview and Level Annotations

Branches:
Dungeon (1/15)

Altars:


Message History

It was a scroll of immolation.
Done exploring.
812 ||| READING scroll labelled BECOAT DEMOS.
As you read the scroll labelled BECOAT DEMOS, it crumbles to dust.
It is a scroll of enchant armour.
812 ||| ENCHANTING +0 shortbow.
Done exploring.
813 ||| READING scroll labelled JILYPN HUBUEGA.
The air fills with toxic fumes!
As you read the scroll labelled JILYPN HUBUEGA, it crumbles to dust.
It was a scroll of poison.
Done exploring.
814 ||| DROPPING scroll of butterflies.
You drop a scroll of butterflies.
Done exploring.
815 ||| DROPPING 3 potions of lignification.
You drop 3 potions of lignification.
Done exploring.
What level of the Dungeon? (default 1, ? - help) Sorry, I don't know how to get there.
Enter note:
Enter note:
Enter note:
Enter note:
Enter note:
Enter note:
Enter note:
Enter note:
Enter note: You are engulfed in poison gas.
You are lethally poisoned!
You feel very sick.
817 ||| Stepping ~*~*~tactically~*~*~ (cloud).
You feel very sick.
Things that are here:
3 potions of lignification; a scroll of butterflies
There is a lethal amount of poison in your body!
You feel very sick.
There is a lethal amount of poison in your body!
You feel sick.
There is a lethal amount of poison in your body!
You die...

########## ....).)..#
######### ########.#
#¤0@¤0¤¤#
#....(..#####0#####¤#
##.####.....¤0.......#
....>..#)#¤¤¤.....#..#####
......#..¤###............#
##.#####.## #..##.#..###.#
...#####.# #........# #.#
#........# ##.###.#.## #.#
#.######.###...##.#.####.##


There were no monsters in sight!

Vanquished Creatures
  A dart slug (D:1)
  3 ball pythons (D:1)
  An endoplasm (D:1)
  4 goblins (D:1)
  3 hobgoblins (D:1)
  A kobold (D:1)
  3 quokkas (D:1)
  2 frilled lizards (D:1)
  A rat (D:1)
19 creatures vanquished.

Notes
Turn   | Place    | Note
-------+----------+-------------------------------------------
     0 | D:1      | qw the Deep Elf Hunter began the quest for the Orb.
     0 | D:1      | Reached XP level 1. HP: 12/12 MP: 3/3
     0 | D:1      | 0 ||| qw: Version: 0.3-a-155-g5e7d8dd
     0 | D:1      | 0 ||| qw: Game counter: 187
     0 | D:1      | 0 ||| qw: Melee chars always use a shield: true
     0 | D:1      | 0 ||| qw: God list: Okawaru
     0 | D:1      | 0 ||| qw: Allow faded altars: false
     0 | D:1      | 0 ||| qw: Do Orc after clearing Dungeon:15 true
     0 | D:1      | 0 ||| qw: Do second Lair branch before Depths: true
     0 | D:1      | 0 ||| qw: Lair rune preference: random
     0 | D:1      | 0 ||| qw: Goals: Normal
     0 | D:1      | 0 ||| PLANNING D:1-11
   122 | D:1      | Reached XP level 2. HP: 16/16 MP: 4/4
   132 | D:1      | Reached skill level 6 in Ranged Weapons
   500 | D:1      | Found a faded altar of an unknown god.
   707 | D:1      | 707 ||| READING scroll labelled RIFOFF JYSUGY.
   708 | D:1      | 708 ||| READING 2 scrolls labelled EFOIN GUTO.
   708 | D:1      | 708 ||| IDENTIFYING 3 murky purple potions
   709 | D:1      | 709 ||| READING scroll of identify.
   709 | D:1      | 709 ||| IDENTIFYING scroll labelled INGOLO PEMI
   710 | D:1      | 710 ||| READING scroll labelled XOESCH GAECU.
   811 | D:1      | 811 ||| READING scroll labelled DUTIMY VOATUO.
   812 | D:1      | 812 ||| READING scroll labelled BECOAT DEMOS.
   812 | D:1      | 812 ||| ENCHANTING +0 shortbow.
   813 | D:1      | 813 ||| READING scroll labelled JILYPN HUBUEGA.
   814 | D:1      | 814 ||| DROPPING scroll of butterflies.
   815 | D:1      | 815 ||| DROPPING 3 potions of lignification.
   817 | D:1      | 817 ||| Stepping ~*~*~tactically~*~*~ (cloud).
   818 | D:1      | HP: 3/16 [poisoned by you (poison gas)]
   819 | D:1      | HP: 1/16 [poisoned by you (poison gas)]
   820 | D:1      | Succumbed to their own poison gas

Levels and vault maps discovered:
D:1:      scummos_arrival_simple_crosswalls, layout_loops_ring,
          hellmonk_ecumenical_altar_leap_of_faith

Skill      XL: |  1  2 |
---------------+-------+-----
Ranged Weapons | 6 |  6.5
Fighting       | |  1.5
Dodging        | |  2.4
Stealth        | |  1.2

Action                     || total
---------------------------++-------
   Fire: Shortbow          ||    59
    Use: Scroll            ||     7
 Armour: Leather armour    ||    11
  Dodge: Dodged            ||    21

Table legend:
 A = Non-vault XP
 B = Vault XP
 C = Vault XP percentage of total XP
 D = Non-vault monster count
 E = Vault monster count
 F = Vault count percentage of total count
                 A         B        C        D         E       F
            +---------+---------+-------+---------+---------+-------
      Total |      36 |       0 |   0.0 |      19 |       0 |   0.0
            +---------+---------+-------+---------+---------+-------
        D:1 |      36 |       0 |   0.0 |      19 |       0 |   0.0
            +---------+---------+-------+---------+---------+-------
